 Dungeon Crawl Stone Soup version 0.28.0-53-g5a82cb258f (webtiles) character file.

Game seed: 15244055924926043384

57 Hylith the Caller (level 3, 0/24 HPs)
             Began as a Demonspawn Summoner on June 2, 2022.
             Succumbed to a kobold's poison
             ... on level 2 of the Dungeon.
             The game lasted 00:05:11 (1806 turns).

Hylith the Caller (Demonspawn Summoner)             Turns: 1806, Time: 00:05:12

Health: 0/24       AC:  2    Str:  8    XL:     3   Next: 73%
Magic:  3/7        EV: 12    Int: 18    God:
Gold:   43         SH:  0    Dex: 13    Spells: 4/8 levels left

rFire   . . .      SeeInvis .   f - +0 dagger
rCold   . . .      Faith    .   (no shield)
rNeg    . . .      Spirit   .   a - +0 robe
rPois   .          Reflect  .   (helmet restricted)
rElec   .          Harm     .   (no cloak)
rCorr   .          Rampage  .   (no gloves)
Will    .....                   (no boots)
Stlth   ++........              (no amulet)
HPRegen 0.08/turn               (no ring)
MPRegen 0.10/turn               (no ring)

@: lethally poisoned (0 -> -8)
A: antennae 1, powered by pain 1
a: no special abilities


You were on level 2 of the Dungeon.
You visited 1 branch of the dungeon, and saw 2 of its levels.

You collected 43 gold pieces.

Inventory:

Hand Weapons
 f - a +0 dagger (weapon)
Armour
 a - a +0 robe (worn)
Scrolls
 c - a scroll of magic mapping {unknown}
 d - a scroll of immolation {unknown}
Potions
 b - a potion of cancellation {unknown}
 e - a potion of curing {unknown}


   Skills:
 - Level 2.0 Dodging
 - Level 2.0 Stealth
 - Level 3.0 Spellcasting
 + Level 4.6 Summonings


You had 4 spell levels left.
You knew the following spells:

 Your Spells              Type           Power      Damage    Failure   Level
a - Summon Small Mammal   Summ           76%        N/A       2%          1
b - Call Canine Familiar  Summ           19%        N/A       8%          3

Your spell library contained the following spells:

 Spells                   Type           Power      Damage    Failure   Level
 Call Imp                 Summ           19%        N/A       3%          2
 Summon Guardian Golem    Hex/Summ       11%        N/A       19%         3
 Summon Lightning Spire   Summ/Air       11%        N/A       54%         4


Dungeon Overview and Level Annotations

Branches:
Dungeon (2/15)

Altars:


Innate Abilities, Weirdness & Mutations

You have a pair of small antennae on your head.
You sometimes gain a little power by taking damage.


Message History

The kobold hits you but does no damage.
You are poisoned.
You feel very sick. The bat hits your quokka.
The bat hits your quokka but does no damage.
The bat barely misses your quokka.
The adder skeleton bites your rat but does no damage.
Your quokka barely misses the bat.
Your rat bites the adder skeleton.
You feel sick. The bat closely misses your quokka. The bat misses your quokka.
The bat hits your quokka but does no damage.
The adder skeleton barely misses your rat.
Your quokka misses the bat.
Your rat barely misses the adder skeleton.
You feel sick. The bat closely misses your quokka.
The bat barely misses your quokka.
Your quokka closely misses the bat.
The bat closely misses your quokka.
The adder skeleton closely misses your rat.
Your rat bites the adder skeleton.
You feel sick. The bat barely misses your quokka. The bat misses your quokka.
Your quokka bites the bat.
The bat dies!
The adder skeleton closely misses your rat.
Your rat barely misses the adder skeleton.
You feel sick. The adder skeleton bites your rat.
Your rat dies!
Your rat's corpse disappears in a puff of smoke!
You feel sick.
You feel sick.
You feel sick.
You are no longer poisoned.
You are too injured to fight recklessly!
Casting: Summon Small Mammal (safe; 2% risk of failure)
Confirm with . or Enter, or press ? or * to list all spells.
The kobold hits you with a +0 whip of venom.
* * * LOW HITPOINT WARNING * * *
You are lethally poisoned!
* * * LOW HITPOINT WARNING * * *
You feel very sick.
You swap places.
You die...

..........§r#
#..)..Z.###
####.....## #
#.......## #.#
#.####.## #.#
#.# ### ..# #K#
### #r# # #@# #
#.# # #.# #
#######.######
###
.............#
..#
#######.####.##.
#.# #..........
#.# #..########
#.# #..#


You could see a kobold (ally target) and a friendly quokka (summoned).

Vanquished Creatures
  An endoplasm (D:2)
  A goblin (D:1)
  A bat (D:1)
  2 frilled lizards (D:2)
5 creatures vanquished.

Vanquished Creatures (collateral kills)
  3 adders (D:2)
  A dart slug (D:1)
  3 endoplasms
  2 giant cockroaches (D:1)
  4 goblins
  2 hobgoblins (D:1)
  A quokka (D:1)
  3 bats
  2 frilled lizards (D:1)
  2 rats (D:1)
23 creatures vanquished.

Grand Total: 28 creatures vanquished

Notes
Turn   | Place    | Note
-------+----------+-------------------------------------------
     0 | D:1      | Hylith the Demonspawn Summoner began the quest for the Orb.
     0 | D:1      | Reached XP level 1. HP: 13/13 MP: 3/3
   650 | D:1      | Gained mutation: You have a pair of small antennae on your
                  | head. [demonic ancestry]
   650 | D:1      | Reached XP level 2. HP: 19/19 MP: 0/5
  1427 | D:2      | Gained mutation: You sometimes gain a little power by
                  | taking damage. [demonic ancestry]
  1427 | D:2      | Reached XP level 3. HP: 22/24 MP: 4/7
  1468 | D:2      | Learned a level 3 spell: Call Canine Familiar
  1483 | D:2      | Found a faded altar of an unknown god.
  1806 | D:2      | Succumbed to a kobold's poison

Illustrated notes

Levels and vault maps discovered:
D:1:      amcnicky_arrival_abandoned_market, layout_rooms
D:2:      layout_loops_ring, hellmonk_ecumenical_altar_zigzags, st_stairs_2

Skill      XL: |  1  2 |
---------------+-------+-----
Dodging        | 2 |  2.0
Stealth        | 2 |  2.0
Spellcasting   | 3 |  3.0
Summonings     | |  4.6

Action                   || total
-------------------------++-------
Melee: Unarmed           ||    16
       Dagger            ||    31
       Punch             ||     1
 Cast: Summon Small Mamm ||    42
 Stab: Sleeping          ||     3
Armor: Robe              ||    16
Dodge: Dodged            ||    32
